 Dungeon Crawl Stone Soup version 0.28-a0-1038-g9c4cb8273d (webtiles) character file.

Game seed: 1223893844731154076

9 yoda5477 the Skirmisher (level 2, 21/24 HPs)
             Began as a Demonspawn Fighter on Dec 8, 2021.
             Quit the game on level 1 of the Dungeon.
             The game lasted 00:01:35 (327 turns).

yoda5477 the Skirmisher (Demonspawn Fighter)         Turns: 327, Time: 00:01:35

Health: 21/24      AC:  6    Str: 16    XL:     2   Next: 3%
Magic:  2/2        EV:  9    Int:  9    God:
Gold:   10         SH:  4    Dex: 12    Spells: 1/1 levels left

rFire   . . .      SeeInvis .   a - +0 long sword
rCold   . . .      Faith    .   c - +0 buckler
rNeg    . . .      Spirit   .   b - +0 scale mail
rPois   .          Reflect  .   (no helmet)
rElec   .          Harm     .   (no cloak)
rCorr   .          Rampage  .   (no gloves)
Will    .....                   (no boots)
Stlth   ..........              (no amulet)
HPRegen 0.08/turn               (no ring)
MPRegen 0.08/turn               (no ring)

@: no status effects
A: claws 1
a: no special abilities


You were on level 1 of the Dungeon.
You visited 1 branch of the dungeon, and saw 2 of its levels.

You collected 10 gold pieces.

Inventory:

Hand Weapons
 a - a +0 long sword (weapon)
Missiles
 h - a stone (quivered)
Armour
 b - a +0 scale mail (worn)
 c - a +0 buckler (worn)
Wands
 f - a wand of acid (8)
Scrolls
 e - 2 scrolls of fear {unknown}
Potions
 d - 2 potions of might
 g - 2 potions of haste {unknown}


   Skills:
 - Level 3.0 Fighting
 * Level 2.1 Long Blades
 - Level 2.6 Armour
 * Level 3.0 Shields


You had one spell level left.
You didn't know any spells.
Your spell library was empty.

Dungeon Overview and Level Annotations

Branches:
Dungeon (2/15)

Altars:


Innate Abilities, Weirdness & Mutations

You have sharp fingernails.


Message History

You hit the frilled lizard.
You kill the frilled lizard!
The bat closely misses you.
Your Long Blades skill increases to level 2!
The bat closely misses you. The bat closely misses you.
You closely miss the bat. The bat closely misses you.
The bat hits you but does no damage.
You slash the bat!
You kill the bat!
No target in view!
g - a metallic inky potion No target in view!
Found a dagger.
g - 2 metallic inky potions (gained 1)
Found a stone staircase leading down.
Found 7 poisoned darts.
A goblin comes into view. It is wielding a +0 club.
The goblin shouts!
A kobold comes into view. It is wielding a +0 whip.
Found 13 gold pieces.
Found 14 gold pieces.
The goblin hits you with a +0 club.
There is a stone staircase leading down here.
You slash the goblin!
You kill the goblin!
Your Shields skill increases to level 3!
You hit the kobold.
You kill the kobold!
You have reached level 2!
Your demonic ancestry asserts itself...
Your fingernails lengthen.
h - a stone
Things that are here:
a +0 whip; a +0 club; a kobold corpse
There is a stone staircase leading down here.
You climb downwards.
There is a stone staircase leading up here.
You climb upwards.
There is a stone staircase leading down here.
Are you sure you want to abandon this character and quit the game? (Confirm with "yes".)

..............#
#####.)#...#### #
#.....## # #....##
#####..#.# .........###
# ####...#...# ###.##
#.....##.#.#######(....#
......##.#......@).....#
.>..#.##.########......#
....#.##.# ##......#
....#÷##.# .$.....
....#.#..# ......#
†...#...## ......#
....#..## ......#
....#..# ...$..#
.......#


There were no monsters in sight!

Vanquished Creatures
  A goblin (D:1)
  A hobgoblin (D:1)
  A ball python (D:1)
  2 bats (D:1)
  2 frilled lizards (D:1)
  2 kobolds (D:1)
9 creatures vanquished.

Notes
Turn   | Place    | Note
-------+----------+-------------------------------------------
     0 | D:1      | yoda5477 the Demonspawn Fighter began the quest for the
                  | Orb.
     0 | D:1      | Reached XP level 1. HP: 18/18 MP: 1/1
   320 | D:1      | Gained mutation: You have sharp fingernails. [demonic
                  | ancestry]
   320 | D:1      | Reached XP level 2. HP: 20/24 MP: 2/2
   327 | D:1      | Quit the game

Illustrated notes

Levels and vault maps discovered:
D:1:      dpeg_arrival_ratfight, layout_rooms, chequers_ecumenical_altar_twisty
D:2:      layout_rooms

Skill      XL: |  1 |
---------------+----+-----
Long Blades    | 2 |  2.1
Shields        | 3 |  3.0
Fighting       | |  3.0
Armour         | |  2.6

Action                   || total
-------------------------++-------
Melee: Long sword        ||    24
Armor: Scale mail        ||    17
Dodge: Dodged            ||    19
Block: Buckler           ||     4

Table legend: (Time is in decaauts)
 A = Elapsed time spent in this place.
 B = Non-inter-level travel time spent in this place.
 C = Inter-level travel time spent in this place.
 D = Time resting spent in this place.
 E = Time spent auto-exploring this place.
 F = Levels seen in this place.
 G = Mean time per level.
                   A        B        C        D        E       F      G
               +--------+--------+--------+--------+--------+-----+--------+
         Total |    335 |    335 |      0 |      0 |    244 |   2 |  167.5 |
       Dungeon |    335 |    335 |      0 |      0 |    244 |   2 |  167.5 |
               +--------+--------+--------+--------+--------+-----+--------+

Top non-repeatable levels by time:
     D:1: 322 daAuts
     D:2: 13 daAuts
